 Dungeon Crawl Stone Soup version 0.20.0 (webtiles) character file.

50 Danakh the Slasher (level 3, -1/22 HPs)
             Began as a Tengu Warper on May 31, 2017.
             Slain by a gnoll
             ... wielding a cursed +0 halberd
              (3 damage)
             ... on level 2 of the Dungeon.
             The game lasted 00:03:19 (1500 turns).

Danakh the Slasher (Tengu Warper)                   Turns: 1500, Time: 00:03:20

Health: -1/22      AC:  8    Str: 11    XL:     3   Next: 79%
Magic:  7/7        EV:  5    Int: 13    God:
Gold:   87         SH:  0    Dex: 14    Spells: 6/6 levels left

rFire    . . .     SeeInvis .   a - +0 falchion
rCold    . . .     Gourm    .   (no shield)
rNeg     . . .     Faith    .   p - +0 chain mail (curse)
rPois    .         Spirit   .   (helmet restricted)
rElec    .         Reflect  .   (no cloak)
rCorr    .         Harm     .   (no gloves)
MR       .....                  (boots unavailable)
Stlth    ..........             (no amulet)
Regen    0.1/turn               (no ring)
MPRegen  0.1/turn               (no ring)

@: no status effects
A: beak, talons 3
a: no special abilities


You were on level 2 of the Dungeon.
You were not hungry.

You visited 1 branch of the dungeon, and saw 2 of its levels.

You collected 87 gold pieces.

Inventory:

Hand Weapons
 a - a +0 falchion (weapon)
Missiles
 e - 5 tomahawks of dispersal (quivered)
Armour
 b - a +0 leather armour
 h - a +0 ring mail
 p - a cursed +0 chain mail (worn)
Scrolls
 d - a scroll of blinking
 g - a scroll of enchant weapon {unknown}
 i - 3 scrolls of identify {unknown}
 m - a scroll of immolation {unknown}
 n - a scroll of amnesia {unknown}
Potions
 k - a potion of haste {unknown}
 l - a potion of mutation {unknown}
 o - a potion of curing {unknown}
Books
 c - a book of Spatial Translocations

   Spells                             Type                      Level
   a - Blink                          Translocation                2
   b - Shroud of Golubria             Charms/Translocation         2
   c - Lesser Beckoning               Translocation                3
   d - Gell's Gravitas                Translocation                3
   e - Teleport Other                 Translocation                3
   f - Passage of Golubria            Translocation                4
Comestibles
 f - 3 bread rations
 j - 3 meat rations


   Skills:
 + Level 2.6 Fighting
 * Level 2.8 Long Blades
 - Level 1.0 Throwing
 + Level 2.1 Armour
 + Level 2.8 Dodging
 - Level 2.0 Spellcasting
   Level 2.4 Translocations


You had 6 spell levels left.
You didn't know any spells.

Dungeon Overview and Level Annotations

Branches:
Dungeon (2/15)

Altars:


Innate Abilities, Weirdness & Mutations

You have a beak for a mouth.
You have claws for feet.


Message History

You climb downwards.
The gnoll barely misses you. The gnoll hits you.
The gnoll hits you with a halberd!
Ouch! That really hurt!
* * * LOW HITPOINT WARNING * * *
There is a stone staircase leading up here.
You closely miss the gnoll. Your kick misses the gnoll.
The gnoll hits you but does no damage. The gnoll completely misses you.
Your chain mail prevents you from hitting the gnoll.
You claw the gnoll.
The gnoll is lightly wounded.
The gnoll hits you.
* * * LOW HITPOINT WARNING * * *
The gnoll barely misses you. The gnoll hits you.
* * * LOW HITPOINT WARNING * * *
All of the chunks of flesh in your inventory have rotted away.
You closely miss the gnoll. Your kick misses the gnoll.
Your peck misses the gnoll.
The gnoll is lightly wounded.
The gnoll hits you with a halberd.
You die...

#.# ### #### #.# #..
..### #.#
##.####...###.#######
#...................#
#........####.#####..
#........####.# .
#.........รท...######g
#..g@....###........#
#..g........#.#####r.
#................ ###
#........####.#..
########## #.#..# #.#
... ... ..# ... .#


You could see 2 gnolls.

Vanquished Creatures
  2 gnolls (D:1)
  A leopard gecko (D:1)
  A ball python (D:1)
  A giant cockroach (D:1)
  4 goblins (D:1)
  4 hobgoblins (D:1)
  4 jackals
  3 kobolds (D:1)
  A quokka (D:1)
  2 bats (D:1)
  3 rats
26 creatures vanquished.

Notes
Turn   | Place    | Note
-------+----------+-------------------------------------------
     0 | D:1      | Danakh the Tengu Warper began the quest for the Orb.
     0 | D:1      | Reached XP level 1. HP: 12/12 MP: 4/4
   184 | D:1      | Reached XP level 2. HP: 13/17 MP: 6/6
  1078 | D:1      | Reached XP level 3. HP: 22/22 MP: 7/7
  1500 | D:2      | Slain by a gnoll

Skill      XL: |  1  2  3 |
---------------+----------+-----
Armour         | 2 |  2.1
Fighting       | |  2.6
Long Blades    | |  2.8
Throwing       | |  1.0
Dodging        | |  2.8
Spellcasting   | |  2.0
Translocations | |  2.4

Action                   || total
-------------------------++-------
Melee: Falchion          ||    74
       Kick              ||    15
       Peck              ||    10
  Eat: Chunk             ||     2
Armor: Ring mail         ||    16
       Chain mail        ||    27
Dodge: Dodged            ||    65
       Rpst.: Falchion   ||    16
